 Dungeon Crawl Stone Soup version 0.30.1 (webtiles) character file.

Game seed: 11745085960169505441

129 Cheops the Cudgeller (level 4, 0/39 HPs)
             Began as a Minotaur Fighter on July 8, 2023.
             Slain by an ufetubus (2 damage)
             ... on level 4 of the Dungeon.
             The game lasted 00:01:50 (2155 turns).

Cheops the Cudgeller (Minotaur Fighter)             Turns: 2155, Time: 00:01:51

Health: 0/39       AC: 12    Str: 22    XL:     4   Next: 88%
Magic:  3/3        EV:  6    Int:  5    God:
Gold:   106        SH:  4    Dex: 10    Spells: 3/3 levels left

rFire   . . .        a - +0 flail
rCold   . . .        c - +0 buckler
rNeg    . . .        i - +0 plate armour
rPois   .            (helmet restricted)
rElec   .            j - +0 cloak
rCorr   .            (no gloves)
SInv    .            (no boots)
Will    .....        (no amulet) Stlth
                     (no ring)
HPRegen 0.26/turn    (no ring)
MPRegen 0.08/turn

%: no passive effects
@: lethally poisoned (0 -> -6)
A: horns 2, retaliatory headbutt
a: no special abilities


You were on level 4 of the Dungeon.
You visited 1 branch of the dungeon, and saw 4 of its levels.

You collected 106 gold pieces.

Inventory:

Hand Weapons
 a - a +0 flail (weapon)
Armour
 b - a +0 scale mail
 c - a +0 buckler (worn)
 i - a +0 plate armour (worn)
 j - a +0 cloak (worn)
Jewellery
 o - an amulet of faith
Scrolls
 e - a scroll of noise {unknown}
 g - 3 scrolls of identify {unknown}
 h - a scroll of poison {unknown}
 k - a scroll of silence {unknown}
 p - a scroll of teleportation {unknown}
Potions
 d - 2 potions of might
 f - a potion of attraction {unknown}
 l - a potion of mutation {unknown}
 m - 2 potions of curing {unknown}
 n - 2 potions of heal wounds {unknown}


   Skills:
 - Level 3.6 Fighting
 + Level 6.2 Maces & Flails
 - Level 3.6 Armour
 - Level 3.6 Shields


You had 3 spell levels left.
You didn't know any spells.
Your spell library contained the following spells:

 Spells                   Type           Power      Damage    Failure   Level
 Magic Dart               Conj           0%         1d3       100%        1
 Call Imp                 Summ           0%         N/A       100%        2
 Poisonous Vapours        Pois/Air       0%         N/A       100%        2
 Mephitic Cloud           Conj/Pois/Air  0%         N/A       100%        3
 Summon Guardian Golem    Hex/Summ       0%         N/A       100%        3
 Freezing Cloud           Conj/Ice/Air   0%         6-21      100%        5
 Orb of Destruction       Conj           0%         9d5       100%        7
 Spellforged Servitor     Conj/Summ      0%         N/A       100%        7


Dungeon Overview and Level Annotations

Branches:
Dungeon (4/15)
 Temple: D:4-7

Altars:

Shops:
D:2 (


Innate Abilities, Weirdness & Mutations

You have a pair of horns on your head.
You reflexively headbutt those who attack you in melee.


Message History

You are too injured to fight recklessly!
You are too injured to fight recklessly!
You are too injured to fight recklessly!
You are too injured to fight recklessly!
You are too injured to fight recklessly!
You are too injured to fight recklessly!
You are too injured to fight recklessly!
You are too injured to fight recklessly!
You are too injured to fight recklessly!
You are too injured to fight recklessly!
You are too injured to fight recklessly!
You are too injured to fight recklessly!
You are too injured to fight recklessly!
You are too injured to fight recklessly!
You are too injured to fight recklessly!
Unknown command.
* * * LOW HITPOINT WARNING * * *
You feel very sick.
The gnoll hits you from afar with a +0 spear.
* * * LOW HITPOINT WARNING * * *
The gnoll closely misses you.
* * * LOW HITPOINT WARNING * * *
You feel very sick. The gnoll attacks as you move away!
The gnoll hits you with a +0 flail.
* * * LOW HITPOINT WARNING * * *
x2 You feel very sick.
The ufetubus hits you but does no damage. x2
The ufetubus attacks as you move away!
The ufetubus hits you but does no damage.
The ufetubus barely misses you.
* * * LOW HITPOINT WARNING * * *
You feel very sick. The ufetubus attacks as you move away!
The ufetubus hits you.
* * * LOW HITPOINT WARNING * * *
The ufetubus barely misses you.
* * * LOW HITPOINT WARNING * * *
You feel sick. You block the gnoll's attack.
The ufetubus hits you but does no damage.
The ufetubus hits you.
You die...

# # . #. . . ..#.# ##.
.. .....# ##.## ...
......## ###...##....
........###.#.........
#...#.##.##......#
#<.#g.#Jg....#
#..@5o..#....#
####.#g###......
#..... ..#...
>..##....## .# .....#
...## # ....## ...#
.... .... ....# .##..


You could see a gnoll bouda, 2 gnolls, an orc, an ufetubus and an endoplasm.

Vanquished Creatures
  Robin (D:2)
  A gnoll (D:4)
  5 adders
  A worm (D:2)
  4 orcs (D:3)
  3 ball pythons
  An endoplasm (D:1)
  14 goblins
  3 hobgoblins
  10 jackals
  3 kobolds
  2 quokkas (D:2)
  2 frilled lizards
  3 rats
53 creatures vanquished.

Notes
Turn   | Place    | Note
-------+----------+-------------------------------------------
     0 | D:1      | Cheops the Minotaur Fighter began the quest for the Orb.
     0 | D:1      | Reached XP level 1. HP: 19/19 MP: 0/0
   203 | D:1      | You fall into a shaft and drop 1 floor!
   215 | D:2      | Reached skill level 3 in Maces & Flails
   215 | D:2      | Reached XP level 2. HP: 26/26 MP: 1/1
   231 | D:2      | Noticed Robin
   235 | D:2      | Reached skill level 4 in Maces & Flails
   250 | D:2      | Reached XP level 3. HP: 4/31 MP: 2/2
   254 | D:2      | Killed Robin
   456 | D:2      | Reached skill level 5 in Maces & Flails
   570 | D:2      | Reached XP level 4. HP: 28/39 MP: 3/3
  1135 | D:2      | Found Weituduu's Weapon Shoppe.
  1784 | D:3      | Reached skill level 6 in Maces & Flails
  2155 | D:4      | Slain by an ufetubus

Illustrated notes

Levels and vault maps discovered:
D:1:      dpeg_arrival_round_a, layout_basic, grunt_decor_junction
D:2:      layout_basic, serial_shops, nicolae_shop_behind_doors, uniq_robin
D:3:      layout_loops_cross
D:4:      black_bear_nest_1, layout_cave_pools, kennysheep_okawaru_gauntlet,
          mainiacjoe_overflow_chevrons, kennysheep_orc_sif_temple, serial_shops,
          shop, kennysheep_generic_room_11

Skill      XL: |  1  2  3  4 |
---------------+-------------+-----
Maces & Flails | 3 4 5 6 |  6.2
Fighting       | |  3.6
Armour         | |  3.6
Shields        | |  3.6

Action                     |  1- 3 |  4- 6 || total
---------------------------+-------+-------++-------
  Melee: Flail             |    58 |    70 ||   128
         Headbutt          |     7 |     9 ||    16
 Armour: Scale mail        |    44 |       ||    44
         Plate armour      |       |    53 ||    53
  Dodge: Dodged            |    42 |    21 ||    63
  Block: Buckler           |    23 |    31 ||    54
